 Dungeon Crawl Stone Soup version 0.28-a0-987-g8383568036 (webtiles) character file.

Game seed: 12884202029010849203

0 Gargoyl the Skirmisher (level 1, -3/23 HPs)
             Began as a Gnoll Abyssal Knight on Dec 4, 2021.
             Was a Follower of Lugonu.
             Slain by a chaos spawn (26 damage)
             ... on level 3 of the Abyss.
             The game lasted 00:00:28 (85 turns).

Gargoyl the Skirmisher (Gnoll Abyssal Knight)         Turns: 85, Time: 00:00:30

Health: -3/23      AC:  3    Str: 12    XL:     1   Next: 0%
Magic:  3/3        EV: 12    Int:  9    God:    Lugonu [*.....]
Gold:   60         SH:  0    Dex: 12    Spells: 0/0 levels left

rFire   . . .      SeeInvis .   a - +1 hand axe
rCold   . . .      Faith    .   (no shield)
rNeg    . . .      Spirit   .   b - +0 leather armour
rPois   .          Reflect  .   (no helmet)
rElec   .          Harm     .   (no cloak)
rCorr   .          Rampage  .   (no gloves)
Will    .....                   (no boots)
Stlth   +.........              (no amulet)
HPRegen 0.07/turn               (no ring)
MPRegen 0.08/turn               (no ring)

@: no status effects
A: fangs 1, strong nose, distributed training
a: Renounce Religion, Depart the Abyss


You were on level 3 of the Abyss.
You worshipped Lugonu.
Lugonu was aware of your devotion.
You visited 0 branches of the dungeon, and saw 0 of its levels.
You visited the Abyss 1 time.

You collected 60 gold pieces.

Inventory:

Hand Weapons
 a - a +1 hand axe (weapon)
Armour
 b - a +0 leather armour (worn)


   Skills:
 + Level 6.4 Fighting
 + Level 0.0 Short Blades
 + Level 0.0 Long Blades
 + Level 4.4 Axes
 + Level 0.0 Maces & Flails
 + Level 0.0 Polearms
 + Level 0.0 Staves
 + Level 0.0 Slings
 + Level 0.0 Bows
 + Level 0.0 Crossbows
 + Level 0.0 Throwing
 + Level 4.4 Armour
 + Level 2.3 Dodging
 + Level 0.0 Stealth
 + Level 0.0 Shields
 + Level 0.0 Unarmed Combat
 + Level 0.0 Spellcasting
 + Level 0.0 Conjurations
 + Level 0.0 Hexes
 + Level 0.0 Summonings
 + Level 0.0 Necromancy
 + Level 0.0 Translocations
 + Level 0.0 Transmutations
 + Level 0.0 Fire Magic
 + Level 0.0 Ice Magic
 + Level 0.0 Air Magic
 + Level 0.0 Earth Magic
 + Level 0.0 Poison Magic
 + Level 4.4 Invocations
 + Level 0.0 Evocations


You couldn't memorise any spells.
You didn't know any spells.
Your spell library was empty.

Dungeon Overview and Level Annotations

Branches:
Dungeon (0/15)

Altars:


Innate Abilities, Weirdness & Mutations

You have very sharp teeth.
Your uncanny sense of smell can sniff out nearby items.
Your experience applies equally to all skills.


Message History

You plunge deeper into the Abyss.
Found a war axe.
Found 10 arrows.
You now have 14 gold pieces.
There is an empty arch of ancient stone, spattered with blood here.
Found a gateway leading deeper into the Abyss.
There is a gateway leading deeper into the Abyss, spattered with blood here.
You plunge deeper into the Abyss.
The abyssal rune of Zot can be found at this depth.
Unknown command.
You now have 60 gold pieces (gained 46).
You hear a screech!
You hear a shout!
You hear a shout!
You hear a deafening roar! x2
You hear a horrible gurgling sound!
You hear a bellow!
You hear a howl!
You hear a roar!
You hear a shout!
You hear an angry squeal.
You hear an angry growl.
You hear a shout!
You hear a trumpeting!
You hear an angry growl.
c - a scroll labelled ULIYMEDW QASY You hear an angry hiss.
You hear an angry hiss.
You hear a roar.
You hear an angry hiss.
You hear an angry hiss.
You hear an angry hiss.
You hear a loud rustle.
You hear an angry hiss.
You hear a trumpeting!
You hear two shouts!
You hear a howl!
A fire bat comes into view.
Unknown command.
A fire bat is nearby!
As you read the scroll labelled ULIYMEDW QASY, it crumbles to dust.
The creatures around you are filled with an inner flame!
It was a scroll of immolation.
The fire bat bites you but does no damage.
Something hits you!!
Ouch! That really hurt!
You die...

♣♣ ♣♣#. # ##..# ## .
.##:..###.# .#.#. #.
..#@....####.. ∩#. .#..
##.#........# #
#...##..#b#.##..#.#..
.'. ..#... #.....#...#
'. . ...#....#...#..#
##......#...#.# #..#.#
##.##....##..#..#......♣
# . .# #...###.####.#.#♣
###.# ... .#.#.## ##.#


You could see a fire bat (inner flame, strong).

Vanquished Creatures (others)
  2 fire bats (Abyss:3)
  A swamp drake (Abyss:3)
3 creatures vanquished.

Notes
Turn   | Place    | Note
-------+----------+-------------------------------------------
     0 | Abyss:1  | Gargoyl the Gnoll Abyssal Knight began the quest for the
                  | Orb.
     0 | Abyss:1  | Reached XP level 1. HP: 23/23 MP: 3/3
    57 | Abyss:3  | Killed a fire bat
    78 | Abyss:3  | Killed a swamp drake
    84 | Abyss:3  | Noticed a fire bat
    85 | Abyss:3  | Slain by a chaos spawn

Illustrated notes

Levels and vault maps discovered:
Abyss:3:  base: Temple, evilmike_abyss_exit_chaos,
          due_evilmike_abyss_rune_seething_liches

Action                   || total
-------------------------++-------
  Use: Scroll            ||     1
Armor: Leather armour    ||     1

Table legend: (Time is in decaauts)
 A = Elapsed time spent in this place.
 B = Non-inter-level travel time spent in this place.
 C = Inter-level travel time spent in this place.
 D = Time resting spent in this place.
 E = Time spent auto-exploring this place.
 F = Levels seen in this place.
 G = Mean time per level.
                   A        B        C        D        E       F      G
               +--------+--------+--------+--------+--------+-----+--------+
         Total |     84 |     84 |      0 |      0 |     67 |   3 |   28.0 |
         Abyss |     84 |     84 |      0 |      0 |     67 |   3 |   28.0 |
               +--------+--------+--------+--------+--------+-----+--------+

Top non-repeatable levels by time:
 Abyss:3: 43 daAuts
 Abyss:2: 34 daAuts
 Abyss:1: 6 daAuts
